Rei, lawful male human Samurai ------ ------- --....| ----.)...| |.....| #-d.......| |.$...| #@#|........| ##......| M |(.......| # |.....|#############-........| ### |....--# # ------+--- )########## # ----.-## ##-----#############`## #--...-- ##` ####### #-.....+ #---)-- #|.....| # #|...<.####### |......#########.....| # -.-------------- --...-- # |....| ####|..............| ----- |....| # |..............| ------ ##...............| |..............| ---------------- Rei the Ninja Experience level: 9 Strength: 14 Dexterity: 15 Constitution: 8 Intelligence: 8 Wisdom: 12 Charisma: 9 Health: 0(68) Energy: 42(42) Def: 8 Gold: 511 Moves: 7678 Dungeon seed: JP8gKAtJ3olr4mJC Game ID: Rei_1522858753 Your Inventory: Weapons a - an uncursed rusty +0 katana (weapon in hand) b - an uncursed +2 wakizashi (wielded in other hand) c - an uncursed +1 yumi d - 28 blessed +0 ya (in quiver) A - 11 uncursed poisoned +0 shuriken Wands w - an uncursed wand of make invisible (0:8) x - an uncursed wand of magic missile (0:1) B - an uncursed wand of digging (0:8) V - an uncursed wand of cold (0:7) Potions e - a cursed potion of oil Scrolls h - 2 uncursed scrolls of earth u - a blessed scroll of taming H - a blessed scroll of earth I - 3 uncursed scrolls of identify N - an uncursed scroll of identify S - 2 uncursed scrolls of light Tools g - an uncursed blindfold i - an uncursed skeleton key p - an uncursed magic whistle Rings l - an uncursed ring of searching D - an uncursed ring of protection from shape changers L - an uncursed ring of polymorph control Armor q - an uncursed +0 dwarvish cloak (being worn) r - an uncursed rusty +0 dwarvish iron helm (being worn) y - a blessed +0 dwarvish mithril-coat (being worn) F - a blessed +0 pair of low boots (being worn) Coins $ - 511 gold pieces Comestibles f - an uncursed lizard corpse j - an uncursed lembas wafer M - 2 uncursed tins of brown mold P - 2 uncursed fortune cookies Q - 4 uncursed gunyoki U - an uncursed tripe ration X - 2 uncursed pancakes Z - 2 uncursed eggs Spells and supernatural/magical abilities: Name Level Category Fail Memory W - pray for help -- divine ? -- Your skills at the end: Miscellaneous Skills martial arts [Basic] two weapon combat [Basic] wands [Basic] stealth [Basic] Weapon Skills short sword [Basic] long sword [Expert] bow [Basic] Spellcasting Skills Final Attributes: You were fervently aligned. You were sleep resistant. You were poison resistant. Your writing hand was thoroughly cramped from overuse. You were telepathic. You were somewhat stealthy. You aggravated monsters. You were fast. You were wielding two weapons at once. You are dead. Vanquished creatures: a vampire lord a giant mummy an ettin mummy a freezing sphere a shocking sphere 2 large cats a gargoyle a gelatinous cube an ochre jelly an elf mummy a human mummy 2 wolves a winter wolf cub 2 black lights a lynx a quivering blob a lizard a mumak a giant spider 2 ice vortices a vampire bat 2 gnome kings 2 orc mummies a Green-elf a dog a dingo a dust vortex a plains centaur a snake 3 apes a rope golem 5 fire ants a yellow light a baby crocodile a wood nymph 16 Mordor orcs a pony 2 fog clouds 2 shriekers a violet fungus 11 gnome lords 4 gnomish wizards 2 kobold mummies a gray ooze 3 giant ants 4 puppies 2 floating eyes 3 dwarves a homunculus a kobold shaman 3 iguanas a rothe 2 jitterbugs 2 giant bats 2 orc zombies a dwarf zombie a wererat a werejackal 5 killer bees a gas spore 2 hobbits 4 geckos a hobgoblin 3 cave spiders a yellow mold 42 gnomes 14 garter snakes 3 gnome zombies 5 jackals a fox a kobold 8 newts a goblin 3 sewer rats 4 grid bugs 3 bats 2 lichens 218 creatures vanquished. Voluntary challenges: You did not adorn yourself with jewelry or accessories. You did not cause conflict. You were not invisible. You did not have reflection. You were not displaced. You used a wielded weapon 296 times, starting on turn 78. You did not apply a unicorn horn. You did not use plumbed fixtures. You did not drink any magical draughts. You read items or engraved 21 times, starting on turn 207. You never genocided any monsters. You never polymorphed an object. You never changed form. You used no wishes. You never split a pudding. You wrote Elbereth's name 11 times, starting on turn 207. You violated your moral code, losing 1 point of alignment, starting on turn 4302. Dungeon overview: The Dungeons of Doom: levels 1 to 8 Level 1 a fountain a long staircase Level 2 Level 3 some fountains Level 4 stairs to The Gnomish Mines Level 5 a general store, a fountain Level 6 some fountains Level 7 some fountains stairs to Sokoban Level 8 <- You were here The Gnomish Mines: levels 5 to 13 Level 5 stairs to The Dungeons of Doom Level 6 Level 7 many shops, a temple to Raijin, a magic chest, some fountains Level 8 Level 9 Level 10 Level 11 Level 12 Level 13 a magic chest, some fountains Sokoban: levels 4 to 6 Level 4 a sink Level 5 Level 6 a magic chest stairs to The Dungeons of Doom History has recorded: On T:1 you entered the Dungeons of Doom to retrieve the Amulet of Yendor! On T:69 you reached level 2 of The Dungeons of Doom. On T:154 you reached level 3 of The Dungeons of Doom. On T:234 you reached level 4 of The Dungeons of Doom. On T:427 you reached level 1 of The Gnomish Mines. On T:482 you advanced to experience level 2. On T:524 you advanced to experience level 3. On T:588 you reached level 2 of The Gnomish Mines. On T:590 you advanced to experience level 4. On T:623 you reached level 4 of The Gnomish Mines. On T:702 you advanced to experience level 5. On T:734 you reached level 3 of The Gnomish Mines. On T:806 you prayed to Amaterasu Omikami. On T:831 you entered the Minetown temple On T:858 you opened a magic chest. On T:952 you advanced to experience level 6. On T:1507 you reached level 5 of The Gnomish Mines. On T:2010 you advanced to experience level 7. On T:2036 you reached level 6 of The Gnomish Mines. On T:2761 you reached level 7 of The Gnomish Mines. On T:3193 you prayed to Amaterasu Omikami. On T:3338 you reached level 8 of The Gnomish Mines. On T:4016 you advanced to experience level 8. On T:4105 you reached level 9 of The Gnomish Mines. On T:4105 you reached the bottom of the Mines. On T:5635 you reached level 5 of The Dungeons of Doom. On T:5720 you reached level 6 of The Dungeons of Doom. On T:6080 you reached level 7 of The Dungeons of Doom. On T:6354 you reached level 8 of The Dungeons of Doom. On T:6530 you reached level 4 of Sokoban. On T:6910 you advanced to experience level 9. On T:7005 you reached level 3 of Sokoban. On T:7367 you reached level 2 of Sokoban. Score breakdown: Gold: 511 ( 51 points) Experience: 9 levels ( 800 points) Exploration: 13 levels ( 360 points) Discoveries: 22 items ( 1100 points) Variety of kills: 77 monsters ( 2000 points) Major goal: reached Mine's End ( 1000 points) Survival: died (score multiplied by 3) Total score: 15933 Latest messages: You find no traps on the large box. You find no traps on the large box. You find no traps on the large box. You find no traps on the large box. You find no traps on the large box. You find no traps on the large box. You find no traps on the large box. You succeed in unlocking the box. You carefully open the large box... The door resists! The door opens. The ettin mummy scratches you! (4x) You die... Your body rises from the dead as a human mummy... Final status: Sayonara Rei the Samurai, killed by an ettin mummy... You died in The Dungeons of Doom on dungeon level 8 with 15933 points, and 511 pieces of gold, after 7678 moves. You were level 9 with a maximum of 68 hit points when you died.